 Dungeon Crawl Stone Soup version 0.28-a0-687-gb91baff9cc (webtiles) character file.

Game seed: 15049347097992978881

280 shoop the Insei (level 6, 32/32 HPs)
             Began as a Vine Stalker Monk on Oct 19, 2021.
             Was a Believer of Qazlal.
             Quit the game on level 3 of the Dungeon.
             The game lasted 00:05:16 (2674 turns).

shoop the Insei (Vine Stalker Monk)                 Turns: 2674, Time: 00:05:16

Health: 32/32      AC:  3    Str: 15    XL:     6   Next: 27%
Magic:  11/11      EV: 12    Int: 11    God:    Qazlal [**....]
Gold:   104        SH:  3    Dex: 16    Spells: 8/10 levels left

rFire   . . .      SeeInvis .     - Unarmed
rCold   . . .      Faith    .   (no shield)
rNeg    . . .      Spirit   +   f - +0 leather armour
rPois   .          Reflect  .   (no helmet)
rElec   .          Harm     .   j - scarf {+Inv}
rCorr   .          Rampage  .   (no gloves)
Will    .....                   (no boots)
Stlth   ++........              (no amulet)
HPRegen 1.10/turn               (no ring)
MPRegen 0.12/turn               (no ring)

@: no status effects
A: fangs 2, regeneration 1, magic shield, antimagic bite, no potion heal 2
a: Renounce Religion, Evoke Invisibility, Upheaval


You were on level 3 of the Dungeon.
You worshipped Qazlal.
Qazlal was pleased with you.
You visited 1 branch of the dungeon, and saw 3 of its levels.

You collected 104 gold pieces.

Inventory:

Missiles
 b - 26 poisoned darts (quivered)
 d - 5 boomerangs
Armour
 a - a +0 robe
 f - a +0 leather armour (worn)
 j - a scarf of invisibility (worn)
Jewellery
 g - a ring of wizardry
 k - a ring of ice
 l - a +6 ring of dexterity
Scrolls
 c - a scroll of identify {unknown}
 e - a scroll of acquirement {unknown}
Potions
 h - a potion of attraction {unknown}
 i - a potion of curing


   Skills:
 - Level 3.1 Fighting
 - Level 0.4 Armour
 - Level 3.0 Dodging
 - Level 3.4 Stealth
 - Level 3.7 Unarmed Combat
 + Level 2.9 Spellcasting
 + Level 2.7 Poison Magic


You had 8 spell levels left.
You knew the following spells:

 Your Spells              Type           Power      Damage    Failure   Level
a - Poisonous Vapours     Pois/Air       8%         N/A       28%         2

Your spell library contained the following spells:

 Spells                   Type           Power      Damage    Failure   Level
 Corpse Rot               Necr/Air       2%         N/A       45%         2


Dungeon Overview and Level Annotations

Branches:
Dungeon (3/15)

Altars:
Elyvilon
Qazlal

Annotations:
D:2 1 runed translucent door, 1 exclusion, Crazy Yiuf


Innate Abilities, Weirdness & Mutations

You have extremely sharp teeth.
Your natural rate of healing is unusually fast.
When hurt, damage is shared between your health and your magic reserves.
Your bite disrupts and absorbs the magic of your enemies.
Potions cannot restore your health.


Message History

You closely miss something. Your bite misses something.
Something hits you but does no damage.
You hit something. You bite something. You drain its magic.
You feel invigorated.
You closely miss something. Something hits you.
You barely miss something. Your bite misses something. You miss something.
You punch something. Your bite misses something. Something hits you.
You hit something. Something hits you.
You closely miss something. Your bite misses something. You hit something.
You bite something. You drain its magic.
You feel invigorated. Something hits you.
You hit something. You bite something.
Reactivating autopickup.
You feel a bit more experienced.
You hit the orc.
The orc is heavily wounded.
The orc misses you.
You hit the orc.
You kill the orc!
You hit the orc. Your bite misses the orc.
The orc is heavily wounded.
The orc barely misses you.
You hit the orc.
The orc is almost dead.
The orc misses you.
You hit the orc.
You kill the orc!
No target in view!
No target in view!
Items here: ))))) ? [ ††.
You now have 104 gold pieces (gained 11).
There is a faded altar of an unknown god here.
You cannot tell which god this altar belongs to.
Convert to them anyway?
Qazlal accepts your prayer! Qazlal welcomes you!
You are now surrounded by a storm.
You can now call upon nature to destroy your foes.
Qazlal grants you and your divine allies immunity to clouds.
Are you sure you want to abandon this character and quit the game? (Confirm with "yes".)

......... ........##
. ## #....#...#
..#.###........+
...............#
.........#.#...#
#.....#..#...#
+....@..###..#
.....#..#......###.#
..#.....#......'....
..#...........#####
#...#..#.....)†.#
...#...##.#.####.#
.............# #.#
....'......#.# #.#
...
..########.####.#


There were no monsters in sight!

Vanquished Creatures
  An ogre (D:3)
  Natasha (thrice) (D:2)
  An orc wizard (D:3)
  4 adders
  4 orcs (D:3)
  5 ball pythons
  8 endoplasms
  2 giant cockroaches
  2 goblins
  5 hobgoblins
  6 jackals
  3 quokkas (D:1)
  4 bats
  4 frilled lizards (D:2)
  4 kobolds
  4 rats
60 creatures vanquished.

Vanquished Creatures (others)
  A fungus (D:2)
  2 plants (D:3)
3 creatures vanquished.

Grand Total: 63 creatures vanquished

Notes
Turn   | Place    | Note
-------+----------+-------------------------------------------
     0 | D:1      | shoop the Vine Stalker Monk began the quest for the Orb.
     0 | D:1      | Reached XP level 1. HP: 11/11 MP: 2/2
   254 | D:1      | Reached XP level 2. HP: 8/16 MP: 1/3
  1364 | D:1      | Reached XP level 3. HP: 20/20 MP: 4/4
  1566 | D:2      | Noticed Natasha
  1575 | D:2      | Killed Natasha
  1755 | D:2      | Noticed Natasha
  1831 | D:2      | Gained mutation: Your natural rate of healing is unusually
                  | fast. [Vine Stalker growth]
  1831 | D:2      | Reached XP level 4. HP: 12/24 MP: 5/5
  1925 | D:2      | Killed Natasha
  1929 | D:2      | Learned a level 2 spell: Poisonous Vapours
  2020 | D:2      | Reached skill level 1 in Spellcasting
  2105 | D:2      | Noticed Natasha
  2122 | D:2      | Killed Natasha
  2123 | D:2      | Reached skill level 1 in Poison Magic
  2123 | D:2      | Reached XP level 5. HP: 24/28 MP: 4/8
  2165 | D:2      | Found a runed translucent door.
  2166 | D:2      | Noticed Crazy Yiuf
  2358 | D:3      | Found a white marble altar of Elyvilon.
  2439 | D:3      | Noticed an ogre
  2504 | D:3      | Killed an ogre
  2505 | D:3      | Reached XP level 6. HP: 6/32 MP: 1/10
  2616 | D:3      | Found a faded altar of an unknown god.
  2673 | D:3      | Prayed at the altar of an unknown god.
  2673 | D:3      | Became a worshipper of Qazlal Stormbringer
  2673 | D:3      | Reached * piety under Qazlal
  2673 | D:3      | Reached ** piety under Qazlal
  2674 | D:3      | Quit the game

Illustrated notes

Levels and vault maps discovered:
D:1:      ncdulo_smallfort, layout_basic
D:2:      layout_rooms, kennysheep_doodads, uniq_natasha,
          uniq_crazy_yiuf_cottage
D:3:      corexii_shack_village, layout_basic, nicolae_elyvilon_peaceful_grove,
          hellmonk_ecumenical_altar_blasted, grunt_ministairs_6

Skill      XL: |  1  2  3  4  5 |
---------------+----------------+-----
Fighting       | 3 |  3.1
Stealth        | 3 |  3.4
Dodging        | 3 |  3.0
Spellcasting   | 1 2 |  2.9
Poison Magic   | 1 2 |  2.7
Armour         | |  0.4
Unarmed Combat | |  3.7

Action                   |  1- 3 |  4- 6 || total
-------------------------+-------+-------++-------
Melee: Unarmed           |    91 |   125 ||   216
       Bite              |    29 |    32 ||    61
       Punch             |     1 |     2 ||     3
Throw: Dart              |       |     1 ||     1
 Cast: Poisonous Vapours |       |     1 ||     1
 Stab: Sleeping          |     7 |     2 ||     9
       Distracted        |       |     1 ||     1
Armor: Robe              |     9 |       ||     9
       Leather armour    |    10 |    25 ||    35
Dodge: Dodged            |    42 |    48 ||    90

Table legend: (Time is in decaauts)
 A = Elapsed time spent in this place.
 B = Non-inter-level travel time spent in this place.
 C = Inter-level travel time spent in this place.
 D = Time resting spent in this place.
 E = Time spent auto-exploring this place.
 F = Levels seen in this place.
 G = Mean time per level.
                   A        B        C        D        E       F      G
               +--------+--------+--------+--------+--------+-----+--------+
         Total |   2661 |   2606 |     55 |      2 |   2044 |   3 |  887.0 |
       Dungeon |   2661 |   2606 |     55 |      2 |   2044 |   3 |  887.0 |
               +--------+--------+--------+--------+--------+-----+--------+

Top non-repeatable levels by time:
     D:1: 1478 daAuts
     D:2: 857 daAuts
     D:3: 325 daAuts
